 Dungeon Crawl Stone Soup version 0.29-a0-817-g9904bce7a6 (webtiles) character file.

Game seed: 8021379540965831932

1141 spaghetti the Covert (level 8, -7/67 HPs)
             Began as a Gnoll Delver on July 6, 2022.
             Was a Believer of Kikubaaqudgha.
             Mangled by a hornet (8 damage)
             ... on level 7 of the Dungeon.
             The game lasted 00:13:06 (6640 turns).

spaghetti the Covert (Gnoll Delver)                 Turns: 6640, Time: 00:13:06

Health: -7/67      AC: 15    Str: 11    XL:     8   Next: 37%
Magic:  2/22       EV: 13    Int: 10    God:    Kikubaaqudgha [**....]
Gold:   276        SH:  0    Dex: 20    Spells: 9/13 levels left

rFire   . . .      SeeInvis .   b - staff of conjuration {!a@e2staff}
rCold   . . .      Faith    .   (no shield)
rNeg    . . .      Spirit   .   l - +6 ring mail "Suoppuw" {Dex+4}
rPois   .          Reflect  .   (no helmet)
rElec   .          Harm     .   (no cloak)
rCorr   .          Rampage  .   (no gloves)
Will    .....                   (no boots)
Stlth   ++++......              (no amulet)
HPRegen 0.21/turn               o - ring of magical power
MPRegen 0.18/turn               i - +4 ring of protection

@: lethally poisoned (-7 -> -11), very slightly contaminated, slowed, very slow
A: fangs 1, strong nose, distributed training
a: Renounce Religion, Unearth Wretches


You were on level 7 of the Dungeon.
You worshipped Kikubaaqudgha.
Kikubaaqudgha was pleased with you.
You visited 1 branch of the dungeon, and saw 7 of its levels.
You also visited: Sewer.

You collected 276 gold pieces.


Innate Abilities, Weirdness & Mutations

You have very sharp teeth.
Your uncanny sense of smell can sniff out nearby items.
Your experience applies equally to all skills.


   Skills:
 + Level 7.4 Fighting
 + Level 5.7 Short Blades
 + Level 3.3 Long Blades
 + Level 3.3 Axes
 + Level 3.3 Maces & Flails
 + Level 3.3 Polearms
 + Level 3.3 Staves
 + Level 3.3 Ranged Weapons
 + Level 3.3 Throwing
 + Level 3.3 Armour
 + Level 5.7 Dodging
 + Level 10.2 Stealth
 + Level 3.3 Shields
 + Level 3.3 Unarmed Combat
 + Level 3.3 Spellcasting
 + Level 2.7 Conjurations
 + Level 2.7 Hexes
 + Level 2.7 Summonings
 + Level 2.7 Necromancy
 + Level 2.7 Translocations
 + Level 2.7 Transmutations
 + Level 2.7 Fire Magic
 + Level 2.7 Ice Magic
 + Level 2.7 Air Magic
 + Level 2.7 Earth Magic
 + Level 2.7 Poison Magic
 + Level 3.6 Invocations
 + Level 3.3 Evocations


You had 9 spell levels left.
You knew the following spells:

 Your Spells              Type           Power      Damage    Failure   Level
a - Necrotise             Necr           28%        1d5       21%         1
b - Call Imp              Summ           7%         N/A       30%         2
c - Magic Dart            Conj           40%        1d5       21%         1

Your spell library contained the following spells:

 Spells                   Type           Power      Damage    Failure   Level
 Sublimation of Blood     Necr           7%         N/A       30%         2
 Mephitic Cloud           Conj/Pois/Air  10%        N/A       52%         3
 Anguish                  Hex/Necr       3%         N/A       90%         4
 Animate Dead             Necr           7%         N/A       90%         4

Inventory:

Hand Weapons
 a - the +6 falchion of Teli {venom, rN++ Will- Dex+4, long}
   (You found it on level 2 of the Dungeon)

   It poisons the flesh of those it strikes.
   Dex:       It affects your dexterity (+4).
   rN:        It greatly protects you from negative energy.
   Will:      It decreases your willpower.
 d - a +1 trident of protection {polearm}
   (You took it off an orc on level 3 of the Dungeon)
Missiles
 p - 10 poisoned darts {throwing}
 r - 2 javelins {throwing}
 s - 23 stones {throwing}
Armour
 l - the +6 ring mail "Suoppuw" (worn) {Dex+4}
   (You found it on level 2 of the Dungeon)

   Dex:       It affects your dexterity (+4).
Magical Staves
 b - a staff of conjuration (weapon) {!a@e2staff}
   (You found it on level 4 of the Dungeon)
Jewellery
 i - a +4 ring of protection (right hand)
   (You found it on level 7 of the Dungeon)
 o - a ring of magical power (left hand)
   (You found it on level 2 of the Dungeon)
Wands
 g - a wand of digging (1)
 h - a wand of iceblast (8)
   (You found it on level 3 of the Dungeon)
Scrolls
 c - a scroll of fog
 e - a scroll of amnesia
 q - a scroll of immolation {!r!r}
Potions
 f - a potion of cancellation
 j - a potion of attraction {!q}
 k - a potion of magic

Dungeon Overview and Level Annotations

Branches:
Dungeon (7/15) Zot: 26548  Temple (0/1) D:4           Sewer (visited)

Altars:
Elyvilon
Fedhas
Kikubaaqudgha

Shops:
D:1 [

Annotations:
D:5 exclusion: door

###########'## #....# ##
#.........#.# #....# #
#.........#.# #....#####
#.........#'####.........
#........................
#.............####.....<.
######........#..........
#!.###Z.......#..........
#..'..†y@.....#.......###
#..###........#.......#
.... #........#.......#
.... ##########.......#
... #.......# ..
#.......# . #########


You could see a hornet (ally target) and a friendly kobold skeleton.


Message History

* * * LOW HITPOINT WARNING * * *
You feel yourself slow down. 😨 HP[-13] MP[-1]
You take 13 damage, and now have 22/67 hp.
You lost 1 mp, and now have 7/22 mp.
Unknown command.
Casting: Call Imp (dangerous; 30% risk of failure)
Confirm with . or Enter, or press ? or * to list all spells.
You miscast Call Imp.
Nothing appears to happen.
You feel yourself speed up.
You feel sick. The hornet barely misses you.
The hornet stings you but does no damage.
Your crimson imp hits the hornet but does no damage. 😨 HP[-1] MP[-2]
You take 1 damage, and now have 21/67 hp.
You lost 2 mp, and now have 5/22 mp.
Unknown command.
Unknown command.
Okay, then.
Okay, then.
Okay, then.
Okay, then.
Okay, then.
A goblin comes into view.
The goblin shouts!
Kikubaaqudgha calls piteous wretches from the earth!
A kobold comes into view.
You feel sick.
Your crimson imp disappears in a puff of smoke!
The hornet barely misses you.
The hornet stings you but does no damage. 😨 MP[-3]
You lost 3 mp, and now have 2/22 mp.
Unknown command.
Casting: Call Imp (dangerous; 30% risk of failure)
Confirm with . or Enter, or press ? or * to list all spells.
Aiming: Necrotise (safe; 21% risk of failure)
Press: ? - help, Shift-Dir - straight line, f - goblin, p - hornet
Aim: a goblin (almost dead, paralysed, chance to affect: 72%)
The kobold writhes in agony.
You kill the kobold!
That felt strangely unrewarding.
The dead are walking!
You feel sick.
The hornet closely misses you. 😨 HP[-1] MP[-1]
You take 1 damage, and now have 20/67 hp.
You lost 1 mp, and now have 1/22 mp.
Casting: Necrotise (safe; 21% risk of failure)
Confirm with . or Enter, or press ? or * to list all spells.
Aiming: Necrotise (safe; 21% risk of failure)
Press: ? - help, Shift-Dir - straight line, f/p - goblin
Aim: a goblin (almost dead, paralysed, chance to affect: 72%)
You miscast Necrotise.
Nothing appears to happen.
You feel sick.
You are no longer poisoned.
The hornet barely misses you. x2 😨 HP[-1] MP[-1]
You take 1 damage, and now have 19/67 hp.
You lost 1 mp, and now have 0/22 mp.
Casting: Necrotise (safe; 21% risk of failure)
Confirm with . or Enter, or press ? or * to list all spells.
You don't have enough magic to cast this spell.
A nearby goblin perishes wretchedly. 😨 MP[+1]
The hornet attacks as you move away!
The hornet stings you but does no damage.
Your kobold skeleton misses the hornet.
The hornet closely misses you.
You see here a goblin corpse.
Okay, then.
The hornet attacks as you move away! The hornet closely misses you.
Your kobold skeleton closely misses the hornet. 😨 HP[+1]
Okay, then.
Your kobold skeleton hits the hornet but does no damage.
The hornet stings you.
* * * LOW HITPOINT WARNING * * *
You are poisoned.
You feel yourself slow down. 😱 HP[-4]
You take 4 damage, and now have 16/67 hp.
Unknown command.
Unknown command.
Aiming: Iceblast
Press: ? - help, Shift-Dir - straight line The mass of ice explodes!
The iceblast engulfs the hornet!
You feel very sick.
The hornet stings you but does no damage.
The hornet stings you!
* * * LOW HITPOINT WARNING * * *
You feel as though you will be slow longer.
Your kobold skeleton hits the hornet but does no damage. 😱 HP[-13]
You take 13 damage, and now have 3/67 hp.
Aiming: Iceblast
Press: ? - help, Shift-Dir - straight line The mass of ice explodes!
The iceblast engulfs the hornet!
* * * LOW HITPOINT WARNING * * *
You feel sick. The hornet misses you. The hornet stings you!
You die...
Kikubaaqudgha rasps: "You have failed me!
Welcome... death!"

Skill      XL: |  1  2  3  4  5  6  7 |
---------------+----------------------+-----
Stealth        | 10 | 10.2
Invocations    | 1 2 3 |  3.6
Long Blades    | 1 2 3 |  3.3
Axes           | 1 2 3 |  3.3
Maces & Flails | 1 2 3 |  3.3
Polearms       | 1 2 3 |  3.3
Staves         | 1 2 3 |  3.3
Ranged Weapons | 1 2 3 |  3.3
Throwing       | 1 2 3 |  3.3
Armour         | 1 2 3 |  3.3
Shields        | 1 2 3 |  3.3
Unarmed Combat | 1 2 3 |  3.3
Spellcasting   | 1 2 3 |  3.3
Evocations     | 1 2 3 |  3.3
Conjurations   | 1 2 |  2.7
Hexes          | 1 2 |  2.7
Summonings     | 1 2 |  2.7
Necromancy     | 1 2 |  2.7
Translocations | 1 2 |  2.7
Transmutations | 1 2 |  2.7
Fire Magic     | 1 2 |  2.7
Ice Magic      | 1 2 |  2.7
Air Magic      | 1 2 |  2.7
Earth Magic    | 1 2 |  2.7
Poison Magic   | 1 2 |  2.7
Short Blades   | 5 |  5.7
Dodging        | 5 |  5.7
Fighting       | 7 |  7.4

Action                   |  1- 3 |  4- 6 |  7- 9 || total
-------------------------+-------+-------+-------++-------
Melee: Short sword       |    16 |   188 |       ||   204
       Bite              |     3 |    27 |     7 ||    37
       Trident           |       |    46 |       ||    46
       Falchion          |       |    26 |    18 ||    44
       Punch             |       |     1 |     4 ||     5
       Staff             |       |       |    74 ||    74
Throw: Stone             |       |    31 |       ||    31
       Dart              |       |    12 |       ||    12
       Javelin           |       |     4 |       ||     4
 Cast: Necrotise         |       |    11 |    41 ||    52
       Magic Dart        |       |     9 |    68 ||    77
       Call Imp          |       |       |     9 ||     9
Invok: Unearth Wretches  |       |       |     1 ||     1
Evoke: Wand              |       |     1 |     6 ||     7
  Use: Scroll            |     1 |     6 |     3 ||    10
       Potion            |       |     5 |     5 ||    10
 Stab: Sleeping          |     1 |    13 |       ||    14
Armor: Leather armour    |     4 |    43 |       ||    47
       Skin              |       |    21 |       ||    21
       Ring mail         |       |     1 |   201 ||   202
Dodge: Dodged            |     9 |   166 |   234 ||   409

Levels and vault maps discovered:
D:1:      shiori_arrival_oz, layout_loops_corners, serial_shops, shop
D:2:      layout_rooms, hellmonk_ecumenical_altar_leap_of_faith
D:3:      wad_crossroads, layout_basic, uniq_jessica
D:4:      layout_loops_cross, mainiacjoe_overflow_chevrons,
          minmay_temple_entry_statues_pillars, gup_sewer_entry_bubbles,
          minmay_door_square, minmay_surrounded
D:5:      layout_gridville, grunt_temple_overflow_growth_and_decay,
          serial_shops, shop, grunt_ministairs_7, reono_crystal_passage,
          pf_guarded_unrand_delatra
D:6:      layout_basic, marbit_many_paths, minmay_circle_x
D:7:      layout_basic, grunt_temple_overflow_bloody_war, tgw_sif, serial_shops,
          shop_fountains, uniq_menkaure, uniq_duvessa, uniq_prince_ribbit1

Notes
Turn   | Place    | Note
-------+----------+-------------------------------------------
     0 | D:5      | Reached skill level 9 in Stealth
     0 | D:5      | spaghetti the Gnoll Delver began the quest for the Orb.
     0 | D:5      | Reached XP level 1. HP: 23/23 MP: 1/1
     0 | D:5      | magus.rc [v1.9.6]
     3 | D:5      | Noticed a howler monkey
    21 | D:5      | Killed a howler monkey
    22 | D:5      | Reached skill level 1 in Invocations
    22 | D:5      | Reached XP level 2. HP: 29/29 MP: 1/3
    22 | D:5      | Reached XP level 3. HP: 35/35 MP: 1/4
    86 | D:5      | Found an ancient bone altar of Kikubaaqudgha.
    88 | D:5      | Found a blossoming altar of Fedhas.
   105 | D:5      | Reached skill level 1 in Long Blades
   105 | D:5      | Reached skill level 1 in Axes
   105 | D:5      | Reached skill level 1 in Maces & Flails
   105 | D:5      | Reached skill level 1 in Polearms
   105 | D:5      | Reached skill level 1 in Staves
   105 | D:5      | Reached skill level 1 in Ranged Weapons
   105 | D:5      | Reached skill level 1 in Throwing
   105 | D:5      | Reached skill level 1 in Armour
   105 | D:5      | Reached skill level 1 in Shields
   105 | D:5      | Reached skill level 1 in Unarmed Combat
   105 | D:5      | Reached skill level 1 in Spellcasting
   105 | D:5      | Reached skill level 1 in Evocations
   105 | D:5      | Reached XP level 4. HP: 28/41 MP: 5/5
   109 | D:5      | Became a worshipper of Kikubaaqudgha
   301 | D:5      | Noticed a scorpion
   354 | D:5      | Noticed a necrophage
   369 | D:5      | Killed a necrophage
   370 | D:5      | Reached skill level 1 in Conjurations
   370 | D:5      | Reached skill level 1 in Hexes
   370 | D:5      | Reached skill level 1 in Summonings
   370 | D:5      | Reached skill level 1 in Necromancy
   370 | D:5      | Reached skill level 1 in Translocations
   370 | D:5      | Reached skill level 1 in Transmutations
   370 | D:5      | Reached skill level 1 in Fire Magic
   370 | D:5      | Reached skill level 1 in Ice Magic
   370 | D:5      | Reached skill level 1 in Air Magic
   370 | D:5      | Reached skill level 1 in Earth Magic
   370 | D:5      | Reached skill level 1 in Poison Magic
   370 | D:5      | Reached XP level 5. HP: 38/47 MP: 5/7
   502 | D:4      | Found a staircase to the Ecumenical Temple.
   589 | D:4      | Found a white marble altar of Elyvilon.
   616 | D:4      | Noticed a black bear
   633 | D:4      | HP: 11/47 [something (3)]
   643 | D:4      | Found a glowing drain.
   741 | Sewer    | Entered a sewer
   926 | Sewer    | Noticed Pargi
   951 | Sewer    | HP: 11/47 [Pargi (2)]
   956 | Sewer    | HP: 5/47 [Pargi (3)]
   989 | D:4      | HP: 8/47 [giant cockroach (2)]
  1343 | D:4      | Reached skill level 2 in Invocations
  1343 | D:4      | Reached XP level 6. HP: 21/53 MP: 8/8
  1378 | D:3      | HP: 13/53 [hound (3)]
  1379 | D:3      | HP: 5/53 [hound (4)]
  1381 | D:3      | HP: 2/53 [hound (3)]
  1383 | D:3      | Reached skill level 5 in Short Blades
  1383 | D:3      | Reached skill level 5 in Dodging
  1693 | D:3      | Reached skill level 2 in Long Blades
  1693 | D:3      | Reached skill level 2 in Axes
  1693 | D:3      | Reached skill level 2 in Maces & Flails
  1693 | D:3      | Reached skill level 2 in Polearms
  1693 | D:3      | Reached skill level 2 in Staves
  1693 | D:3      | Reached skill level 2 in Ranged Weapons
  1693 | D:3      | Reached skill level 2 in Throwing
  1693 | D:3      | Reached skill level 2 in Armour
  1693 | D:3      | Reached skill level 2 in Shields
  1693 | D:3      | Reached skill level 2 in Unarmed Combat
  1693 | D:3      | Reached skill level 2 in Spellcasting
  1693 | D:3      | Reached skill level 2 in Evocations
  2081 | D:3      | Reached * piety under Kikubaaqudgha
  2081 | D:3      | You add the spells Necrotise, Sublimation of Blood, Anguish
                  | and Animate Dead to your library.
  2081 | D:3      | Received a gift from Kikubaaqudgha
  2125 | D:3      | Learned a level 1 spell: Necrotise
  2361 | D:2      | HP: 19/79 [poisoned by a kobold]
  2710 | D:2      | Identified the +6 ring mail "Suoppuw" {Dex+4}
  2724 | D:2      | Identified the +6 falchion of Teli {venom, rN++ Will-
                  | Dex+4}
  2784 | D:2      | You pick up a book of Minor Magic and begin reading...
  2784 | D:2      | You add the spells Magic Dart, Call Imp and Mephitic Cloud
                  | to your library.
  2789 | D:2      | Learned a level 2 spell: Call Imp
  2877 | D:2      | Found a faded altar of an unknown god.
  3279 | D:1      | Found Plog's Armour Shop.
  3544 | D:1      | Learned a level 1 spell: Magic Dart
  3577 | D:1      | Reached ** piety under Kikubaaqudgha
  3895 | D:3      | Reached skill level 7 in Fighting
  3895 | D:3      | Reached XP level 7. HP: 60/60 MP: 10/10
  3899 | D:3      | Reached skill level 2 in Conjurations
  3899 | D:3      | Reached skill level 2 in Hexes
  3899 | D:3      | Reached skill level 2 in Summonings
  3899 | D:3      | Reached skill level 2 in Necromancy
  3899 | D:3      | Reached skill level 2 in Translocations
  3899 | D:3      | Reached skill level 2 in Transmutations
  3899 | D:3      | Reached skill level 2 in Fire Magic
  3899 | D:3      | Reached skill level 2 in Ice Magic
  3899 | D:3      | Reached skill level 2 in Air Magic
  3899 | D:3      | Reached skill level 2 in Earth Magic
  3899 | D:3      | Reached skill level 2 in Poison Magic
  4514 | D:3      | Noticed Jessica
  4521 | D:3      | Killed Jessica
  4865 | D:4      | HP: 15/60 [orc wizard/+0 dagger (2)]
  4867 | D:4      | HP: 4/60 [black bear (6)]
  5308 | D:6      | Reached skill level 10 in Stealth
  5308 | D:6      | Reached skill level 3 in Invocations
  5345 | D:6      | HP: 15/60 [white imp (2)]
  5698 | D:6      | Reached skill level 3 in Long Blades
  5698 | D:6      | Reached skill level 3 in Axes
  5698 | D:6      | Reached skill level 3 in Maces & Flails
  5698 | D:6      | Reached skill level 3 in Polearms
  5698 | D:6      | Reached skill level 3 in Staves
  5698 | D:6      | Reached skill level 3 in Ranged Weapons
  5698 | D:6      | Reached skill level 3 in Throwing
  5698 | D:6      | Reached skill level 3 in Armour
  5698 | D:6      | Reached skill level 3 in Shields
  5698 | D:6      | Reached skill level 3 in Unarmed Combat
  5698 | D:6      | Reached skill level 3 in Spellcasting
  5698 | D:6      | Reached skill level 3 in Evocations
  5698 | D:6      | Reached XP level 8. HP: 54/67 MP: 0/12
  6399 | D:7      | Noticed Menkaure
  6410 | D:7      | Killed Menkaure
  6611 | D:7      | Noticed a hornet
  6615 | D:7      | Paralysed by a hornet for 2 turns
  6619 | D:7      | Paralysed by a hornet for 1 turns
  6626 | D:7      | Paralysed by a hornet for 3 turns
  6638 | D:7      | HP: 16/67 [hornet (4)]
  6639 | D:7      | HP: 3/67 [hornet (10)]
  6640 | D:7      | HP: 1/67 [poisoned by a hornet]
  6640 | D:7      | Mangled by a hornet

Vanquished Creatures
  Menkaure (D:7)
  A black bear (D:6)
  A phantom (D:3)
  2 scorpions
  A necrophage (D:5)
  2 wights (D:6)
  2 howler monkeys
  An orc priest (D:3)
  3 hounds
  Jessica (D:3)
  An iguana (D:4)
  2 orc wizards (D:6)
  A gnoll (D:3)
  7 adders
  A shadow imp (D:6)
  2 white imps (D:6)
  A worm (D:4)
  A dart slug (D:4)
  5 orcs
  3 ball pythons
  3 endoplasms
  11 giant cockroaches
  3 hobgoblins
  7 jackals (D:1)
  5 quokkas
  4 bats
  7 frilled lizards
  6 goblins
  13 kobolds
  7 rats
105 creatures vanquished.

Vanquished Creatures (collateral kills)
  An ice beast (D:6)
  A white imp (D:6)
  An orc (D:6)
  A ball python (D:4)
4 creatures vanquished.

Vanquished Creatures (others)
  A goblin (D:7)
  3 plants (D:5)
4 creatures vanquished.

Grand Total: 113 creatures vanquished

Table legend:
 A = Non-vault XP
 B = Vault XP
 C = Vault XP percentage of total XP
 D = Non-vault monster count
 E = Vault monster count
 F = Vault count percentage of total count
                 A         B        C        D         E       F
            +---------+---------+-------+---------+---------+-------
      Total |    1253 |     377 |  23.1 |      90 |      18 |  16.7
            +---------+---------+-------+---------+---------+-------
        D:1 |      45 |       2 |   4.3 |      28 |       1 |   3.4
        D:2 |      74 |       0 |   0.0 |      18 |       0 |   0.0
        D:3 |     265 |     110 |  29.3 |      17 |       6 |  26.1
        D:4 |     107 |      96 |  47.3 |      11 |      10 |  47.6
        D:5 |     176 |       0 |   0.0 |       3 |       0 |   0.0
        D:6 |     586 |       0 |   0.0 |      13 |       0 |   0.0
        D:7 |       0 |     169 | 100.0 |       0 |       1 | 100.0
            +---------+---------+-------+---------+---------+-------

Illustrated notes

Table legend:
 A = Kills in this place as a percentage of kills in entire the game.
 B = Kills by you in this place as a percentage of kills by you in the entire game.
 C = Kills by friends in this place as a percentage of kills by friends in the entire game.
 D = Other kills in this place as a percentage of other kills in the entire game.
 E = Experience gained in this place as a percentage of experience gained in the entire game.
 F = Experience gained in this place divided by the number of levels of this place that you have seen.
                   A       B       C       D       E      F
               +-------+-------+-------+-------+-------+----------------------
         Total | 100.0 | 100.0 | 100.0 |   N/A | 100.0 | 203.8
       Dungeon | 100.0 | 100.0 | 100.0 |   N/A | 100.0 | 232.9
               +-------+-------+-------+-------+-------+----------------------

Table legend: (Time is in decaauts)
 A = Elapsed time spent in this place.
 B = Non-inter-level travel time spent in this place.
 C = Inter-level travel time spent in this place.
 D = Time resting spent in this place.
 E = Time spent auto-exploring this place.
 F = Levels seen in this place.
 G = Mean time per level.
                   A        B        C        D        E       F      G
               +--------+--------+--------+--------+--------+-----+--------+
         Total |   6645 |   6596 |     49 |   1048 |   4412 |   8 |  830.6 |
       Dungeon |   6408 |   6359 |     49 |    920 |   4353 |   7 |  915.4 |
         Sewer |    237 |    237 |      0 |    128 |     58 |   1 |  237.0 |
               +--------+--------+--------+--------+--------+-----+--------+

Top non-repeatable levels by time:
     D:3: 1677 daAuts
     D:6: 1323 daAuts
     D:1: 954 daAuts
     D:4: 816 daAuts
     D:2: 806 daAuts
     D:7: 450 daAuts
     D:5: 379 daAuts
   Sewer: 237 daAuts
